 Dungeon Crawl Stone Soup version 0.25.0-26-g0c896c7088 (webtiles) character file.

Game seed: 5013747939628452508

771 protoss039 the Covert (level 7, -2/42 HPs)
             Began as a Vampire Enchanter on July 4, 2020.
             Slain by a quokka (5 damage)
             ... on level 5 of the Dungeon.
             The game lasted 00:22:06 (5626 turns).

protoss039 the Covert (Vampire Enchanter)           Turns: 5626, Time: 00:22:07

Health: -2/42      AC:  4    Str:  7    XL:     7   Next: 53%
Magic:  4/13       EV: 13    Int: 18    God:
Gold:   220        SH:  0    Dex: 16    Spells: 5/14 levels left

rFire    . . .     SeeInvis +   a - +1 dagger
rCold    . . .     Gourm    .   (no shield)
rNeg     . . .     Faith    .   b - +0 robe
rPois    .         Spirit   .   (no helmet)
rElec    .         Reflect  .   h - +0 cloak
rCorr    .         Harm     .   g - +0 pair of gloves
MR       .....                  (no boots)
Stlth    ++++......             (no amulet)
HPRegen  0.34/turn              (no ring)
MPRegen  0.13/turn              (no ring)

@: very slightly contaminated, regenerating quickly
A: no food, fangs 3, see invisible, [frail 1], unbreathing
a: Exsanguinate


You were on level 5 of the Dungeon.
You were alive.

You visited 2 branches of the dungeon, and saw 6 of its levels.

You collected 220 gold pieces.

Inventory:

Hand Weapons
 a - a +1 dagger (weapon)
 e - a +4 quarterstaff of chaos
 o - a +2 vorpal scythe
Armour
 b - a +0 robe (worn)
 g - a +0 pair of gloves (worn)
 h - a +0 cloak (worn)
Scrolls
 c - 3 scrolls of immolation {unknown}
 d - 2 scrolls of teleportation {unknown}
 f - a scroll of enchant armour {unknown}
 j - 2 scrolls of amnesia {unknown}
 l - 2 scrolls of remove curse {unknown}
 m - 3 scrolls of identify {unknown}
 n - 2 scrolls of fog {unknown}
 t - a scroll of blinking {unknown}
 u - a scroll of fear {unknown}
Potions
 i - a potion of invisibility {unknown}
 k - a potion of flight
 p - a potion of stabbing {unknown}
 q - 3 potions of haste {unknown}
 r - a potion of degeneration {unknown}
 s - a potion of mutation {unknown}


   Skills:
 + Level 0.6 Fighting
 + Level 3.0 Short Blades
 - Level 3.0 Dodging
 + Level 8.7 Stealth
 + Level 4.1 Spellcasting
 + Level 7.5 Hexes


You had 5 spell levels left.
You knew the following spells:

 Your Spells              Type           Power        Failure   Level  Hunger
a - Corona                Hex            ####...      1%          1    N/A
b - Confusing Touch       Hex            ####....     1%          3    N/A
c - Ensorcelled Hibernat  Hex/Ice        ###...       4%          2    N/A
d - Tukima's Dance        Hex            ####....     1%          3    N/A

Your spell library contained the following spells:

 Spells                   Type           Power        Failure   Level  Hunger
 Dazzling Flash           Conj/Hex       ###...       9%          3    N/A
 Animate Skeleton         Necr           N/A          14%         1    N/A

Dungeon Overview and Level Annotations

Branches:
Dungeon (5/15)             Temple (1/1) D:4

Altars:
Ashenzari
Cheibriados
Fedhas
Hepliaklqana
Kikubaaqudgha
Makhleb
Nemelex Xobeh
Ru
Sif Muna
Uskayaw
Vehumet
Wu Jian
Xom

Annotations:
D:2 1 exclusion
D:3 Grinder
D:4 2 transporters, 3 exclusions, LaGuigne83's ghost, amateur NaFE


Innate Abilities, Weirdness & Mutations

You do not eat.
Your natural rate of healing is unusually fast.
You have razor-sharp teeth.
You have supernaturally acute eyesight. (SInv)
You can survive without breathing.
[You are frail. (-10% HP)]


Message History

Casting: Ensorcelled Hibernation (safe; 4% risk of failure)
Confirm with . or Enter, or press ? or * to list all spells.
Aiming: Ensorcelled Hibernation (safe; 4% risk of failure)
Press: ? - help, Shift-Dir - straight line, f - orc wizard
Aim: an orc wizard, wielding a +0 dagger and wearing a +0 robe (fast, chance to defeat MR: 48%)
The orc wizard resists with some effort.
The orc wizard hits you with a +0 dagger.
* * * LOW HITPOINT WARNING * * *
The quokka bites you.
* * * LOW HITPOINT WARNING * * *
The orc wizard barely misses you.
Casting: Ensorcelled Hibernation (safe; 4% risk of failure)
Confirm with . or Enter, or press ? or * to list all spells.
Aiming: Ensorcelled Hibernation (safe; 4% risk of failure)
Press: ? - help, Shift-Dir - straight line, f/p - orc wizard
Aim: an orc wizard, wielding a +0 dagger and wearing a +0 robe (fast, chance to defeat MR: 48%)
The orc wizard looks drowsy...
You feel yourself speed up. The quokka bites you.
You die...

...%......# ### #........####
..###...........######
..............#......##
.†....$.........#.....##
........................
..........(....##......#
..............oro.......
.$#..........###@....... ..
#####.....§.## #........# ..
#.......####........##### ###
# #.........##.............
.. .#
#.......#.)#........##..# #
..#
###.###.##............#.#####
..# #.#
#...................... ..#
#.# ####>............# # ..#
#.## #.........#....####


You could see an orc wizard (fast, asleep), an orc and a quokka.

Vanquished Creatures
  Sigmund (D:3)
  An ogre (D:4)
  2 scorpions
  Crazy Yiuf (D:2)
  A hound (D:4)
  An orc wizard (D:5)
  2 orc priests
  A gnoll shaman (D:4)
  A worker ant (D:5)
  A hound zombie (D:5)
  4 gnolls
  9 adders
  An ooze (D:1)
  An adder skeleton (D:4)
  2 worms
  3 dart slugs
  3 leopard geckos
  9 orcs
  2 ball pythons
  7 bats
  2 giant cockroaches
  7 goblins
  5 hobgoblins
  2 jackals (D:4)
  12 kobolds
  A quokka (D:4)
  8 frilled lizards
  7 rats
97 creatures vanquished.

Notes
Turn   | Place    | Note
-------+----------+-------------------------------------------
     0 | D:1      | protoss039 the Vampire Enchanter began the quest for the
                  | Orb.
     0 | D:1      | Reached XP level 1. HP: 13/13 MP: 3/3
   440 | D:1      | Reached XP level 2. HP: 19/19 MP: 5/5
   498 | D:1      | Reached skill level 5 in Stealth
   628 | D:1      | Reached skill level 5 in Hexes
  1048 | D:2      | Reached XP level 3. HP: 24/24 MP: 6/6
  1053 | D:2      | Learned a level 3 spell: Confusing Touch
  1056 | D:2      | Learned a level 2 spell: Ensorcelled Hibernation
  1175 | D:2      | Found a shimmering blue altar of Sif Muna.
  1175 | D:2      | Found an ancient bone altar of Kikubaaqudgha.
  1177 | D:2      | Found a radiant altar of Vehumet.
  1182 | D:2      | Identified Kikubaaqudgha's Reference Book on Unholy Rituals
  1222 | D:2      | Found a runed translucent door.
  1223 | D:2      | Noticed Crazy Yiuf
  1233 | D:2      | Killed Crazy Yiuf
  1409 | D:2      | Reached XP level 4. HP: 14/30 MP: 0/7
  1963 | D:3      | Noticed Grinder
  2251 | D:3      | Reached skill level 6 in Stealth
  2383 | D:3      | Reached XP level 5. HP: 28/28 MP: 5/8
  2389 | D:3      | Learned a level 3 spell: Tukima's Dance
  2547 | D:3      | Noticed Sigmund
  2553 | D:3      | Killed Sigmund
  2553 | D:3      | Reached skill level 7 in Stealth
  2553 | D:3      | Reached XP level 6. HP: 32/32 MP: 2/10
  3089 | D:4      | Found a transporter.
  3440 | D:4      | Found a transporter.
  3457 | D:4      | Noticed LaGuigne83's ghost (amateur NaFE)
  3762 | D:4      | Reached skill level 8 in Stealth
  4101 | D:4      | Reached XP level 7. HP: 37/37 MP: 7/12
  4605 | D:4      | Found a staircase to the Ecumenical Temple.
  4618 | Temple   | Entered the Ecumenical Temple
  4745 | D:4      | Found a sacrificial altar of Ru.
  4797 | D:5      | Entered Level 5 of the Dungeon
  5152 | D:4      | HP: 1/37 [orc/+0 whip (3)]
  5625 | D:5      | HP: 2/42 [quokka (2)]
  5626 | D:5      | Slain by a quokka

Illustrated notes

Levels and vault maps discovered:
D:1:      dpeg_arrival_solitude, layout_basic
D:2:      layout_loops_ring, grunt_temple_overflow_magic_moments, first_ration,
          uniq_crazy_yiuf_cottage
D:3:      layout_basic, uniq_grinder, uniq_sigmund
D:4:      layout_layer_cave, minmay_temple_entry_proselytizer,
          gammafunk_ghost_mausoleum, nicolae_ru_path_of_blood
D:5:      layout_rooms
Temple:   dpeg_three_leaves_temple

Skill      XL: |  1  2  3  4  5  6  7 |
---------------+----------------------+-----
Stealth        | 5 6 7 8 |  8.7
Hexes          | 5 6 7 |  7.5
Short Blades   | 2 3 |  3.0
Spellcasting   | 3 4 |  4.1
Dodging        | 3 |  3.0
Fighting       | |  0.6

Action                   |  1- 3 |  4- 6 |  7- 9 || total
-------------------------+-------+-------+-------++-------
Melee: Dagger            |    79 |    86 |    39 ||   204
       Bite              |     3 |     3 |     2 ||     8
       Quarterstaff      |     3 |       |       ||     3
 Cast: Corona            |    22 |     4 |     6 ||    32
       Ensorcelled Hiber |     5 |    26 |    25 ||    56
       Confusing Touch   |       |       |     3 ||     3
 Abil: Exsanguinate      |       |     1 |       ||     1
       Revivify          |       |       |     1 ||     1
  Use: Potion            |     2 |       |       ||     2
 Stab: Sleeping          |    13 |    37 |    17 ||    67
       Confused          |       |       |     4 ||     4
Armor: Robe              |    13 |    16 |    17 ||    46
Dodge: Dodged            |    61 |    39 |    38 ||   138
